 Dungeon Crawl Stone Soup version 0.28-b1-1-g3c77fb2ed1 (webtiles) character file.

Game seed: 9714417196931550056

1446 crazypyro the Firebug (level 8, -9/45 HPs)
             Began as a Deep Elf Fire Elementalist on Jan 28, 2022.
             Was a Believer of Vehumet.
             Mangled by an orc wizard (14 damage)
             ... on level 6 of the Dungeon.
             The game lasted 00:14:49 (6534 turns).

crazypyro the Firebug (Deep Elf Fire Elementalist)  Turns: 6534, Time: 00:14:50

Health: -9/45      AC:  3    Str: 11    XL:     8   Next: 46%
Magic:  6/20       EV: 18    Int: 21    God:    Vehumet [**....]
Gold:   191        SH:  0    Dex: 22    Spells: 13/20 levels left

rFire   . . .      SeeInvis .   s - +4 quarterstaff (chaos)
rCold   + . .      Faith    .   (shield currently unavailable)
rNeg    + . .      Spirit   .   a - +0 robe
rPois   .          Reflect  .   (no helmet)
rElec   .          Harm     .   t - +0 cloak
rCorr   .          Rampage  .   (no gloves)
Will    .....                   (no boots)
Stlth   +.........              (no amulet)
HPRegen 0.15/turn               y - ring "Yjeqeiqu" {rC+ rN+ Str+6 Int-2 Dex+7}
MPRegen 0.17/turn               p - +4 ring of evasion

@: confused
A: no striking features
a: Renounce Religion


You were on level 6 of the Dungeon.
You worshipped Vehumet.
Vehumet was pleased with you.
You visited 2 branches of the dungeon, and saw 7 of its levels.

You collected 191 gold pieces.

Inventory:

Hand Weapons
 d - a +0 dagger
 n - a +2 war axe of electrocution
 r - a +2 dagger of freezing
 s - a +4 quarterstaff of chaos (weapon)
Armour
 a - a +0 robe (worn)
 t - a +0 cloak (worn)
Jewellery
 p - a +4 ring of evasion (right hand)
 y - the ring "Yjeqeiqu" (left hand) {rC+ rN+ Str+6 Int-2 Dex+7}
   (You found it on level 5 of the Dungeon)

   [ring of strength]

   Str:       It affects your strength (+6).
   Int:       It affects your intelligence (-2).
   Dex:       It affects your dexterity (+7).
   rC:        It protects you from cold.
   rN:        It protects you from negative energy.
Wands
 o - a wand of iceblast (12)
 u - a wand of charming (9)
 x - a wand of flame (27)
Scrolls
 e - a scroll of vulnerability {unknown}
 f - a scroll of teleportation {unknown}
 g - 5 scrolls of identify {unknown}
 k - a scroll of magic mapping {unknown}
 v - a scroll of silence {unknown}
 w - a scroll of noise {unknown}
 z - a scroll of holy word {unknown}
 A - a scroll of fear {unknown}
Potions
 b - 4 potions of lignification {unknown}
 c - 2 potions of curing {unknown}
 h - 2 potions of attraction {unknown}
 i - a potion of berserk rage {unknown}
 j - 2 potions of flight {unknown}
 l - a potion of invisibility {unknown}
 m - a potion of degeneration {unknown}
 q - a potion of mutation {unknown}


   Skills:
 + Level 2.6 Fighting
 + Level 1.6 Armour
 + Level 3.7 Dodging
 - Level 2.4 Stealth
 + Level 6.9 Spellcasting
 + Level 5.1 Conjurations
 * Level 7.8 Fire Magic


You had 13 spell levels left.
You knew the following spells:

 Your Spells              Type           Power      Damage    Failure   Level
a - Foxfire               Conj/Fire      100%       2x1d9     1%          1
b - Scorch                Fire           80%        2d9       1%          2
c - Flame Wave            Conj/Fire      34%        2d8       6%          4

Your spell library contained the following spells:

 Spells                   Type           Power      Damage    Failure   Level
 Static Discharge         Conj/Air       17%        N/A       4%          2
 Conjure Flame            Conj/Fire      34%        6-21      1%          3
 Inner Flame              Hex/Fire       23%        N/A       5%          3
 Ensorcelled Hibernation  Hex/Ice        14%        N/A       14%         2
 Passwall                 Tmut/Erth      5%         N/A       14%         2
 Swiftness                Air            7%         N/A       26%         3


Dungeon Overview and Level Annotations

Branches:
Dungeon (6/15)             Temple (1/1) D:4

Altars:
Cheibriados
Fedhas
Hepliaklqana
Nemelex Xobeh
Qazlal
Ru
Trog
Vehumet
Zin

Shops:
D:5 =


Message History

The iguana hisses menacingly.
There is an open door here.
You conjure some foxfire!
The foxfire hits the iguana but does no damage.
The iguana is heavily wounded.
You conjure some foxfire!
The foxfire hits the iguana.
The iguana is almost dead.
You conjure some foxfire!
The foxfire hits the iguana!
You kill the iguana!
Vehumet accepts your kill.
The foxfire hits the orc.
The orc is moderately wounded.
Casting: Foxfire (safe; 1% risk of failure)
Confirm with . or Enter, or press ? or * to list all spells.
Flames lash the orc.
You kill the orc!
Vehumet accepts your kill.
The foxfire hits the orc.
The orc is almost dead.
The foxfire hits the orc!
You kill the orc!
Vehumet accepts your kill.
A puff of flame appears from out of thin air!
The puff of flame hits you!
You conjure some foxfire!
Unknown command.
The foxfire hits something. x2
You closely miss something.
You hear some strange, mumbled words.
You are confused.
You're too confused to cast spells.
You're too confused to move!
Something closely misses you.
You're too confused to cast spells.
Something hits you. Something hits you.
You are electrocuted!
* * * LOW HITPOINT WARNING * * *
You closely miss something. Something hits you.
* * * LOW HITPOINT WARNING * * *
You are electrocuted!
You die... .### ...# ########### #..o ...# #.........# oo.

...#####...(.....# ..
...+..##.........# .
...##.##.........#
...##.##.........#
##.#............{################
.....[..........@))...........)..
.#.###<.รท........################
.#.#....................
.#.#.###................
.#.#.#.(.#######........
.#.#.#.####### #........
>............. +........
####...####### #........ #####
#########


There were no monsters in sight!

Vanquished Creatures
  Edmund (D:6)
  A necrophage (D:5)
  A phantom (D:6)
  2 scorpions
  A wyvern skeleton (D:6)
  A water moccasin skeleton (D:5)
  3 killer bees (D:6)
  A centaur zombie (D:5)
  A jelly (D:5)
  4 hounds
  Crazy Yiuf (D:3)
  An orc priest (D:3)
  A centaur skeleton (D:2)
  Jessica (D:2)
  4 iguanas
  An orc wizard (D:6)
  3 killer bee zombies
  2 hound skeletons (D:5)
  Robin (D:3)
  3 gnolls (D:4)
  A howler monkey skeleton (D:3)
  12 adders
  2 white imps (D:6)
  2 ufetubi
  A worm (D:5)
  4 dart slugs
  17 orcs
  6 endoplasms
  3 giant cockroaches
  12 goblins
  16 hobgoblins
  4 jackals
  4 quokkas
  8 ball pythons
  7 bats
  2 frilled lizards
  4 kobolds
  6 rats
145 creatures vanquished.

Vanquished Creatures (others)
  368 foxfires
368 creatures vanquished.

Grand Total: 513 creatures vanquished

Notes
Turn   | Place    | Note
-------+----------+-------------------------------------------
     0 | D:1      | crazypyro the Deep Elf Fire Elementalist began the quest
                  | for the Orb.
     0 | D:1      | Reached XP level 1. HP: 10/10 MP: 6/6
   267 | D:1      | Reached XP level 2. HP: 15/15 MP: 5/8
   455 | D:1      | Learned a level 2 spell: Scorch
  1056 | D:2      | Reached XP level 3. HP: 19/19 MP: 0/10
  1096 | D:2      | Reached skill level 4 in Fire Magic
  1316 | D:2      | Reached XP level 4. HP: 11/24 MP: 3/12
  1500 | D:2      | Found a hazy altar of Hepliaklqana.
  1687 | D:2      | Noticed Jessica
  1702 | D:2      | Killed Jessica
  1810 | D:2      | Reached XP level 5. HP: 28/28 MP: 10/13
  2256 | D:3      | Reached skill level 5 in Fire Magic
  2546 | D:3      | Found a faded altar of an unknown god.
  3112 | D:3      | Noticed Robin
  3374 | D:3      | Killed Robin
  3508 | D:3      | Reached skill level 5 in Spellcasting
  3703 | D:3      | Found a runed translucent door.
  3704 | D:3      | Noticed Crazy Yiuf
  3710 | D:3      | Killed Crazy Yiuf
  3711 | D:3      | Reached XP level 6. HP: 26/32 MP: 8/15
  3828 | D:4      | Learned a level 4 spell: Flame Wave
  3876 | D:4      | Found a staircase to the Ecumenical Temple.
  3885 | Temple   | Entered the Ecumenical Temple
  4010 | Temple   | Became a worshipper of Vehumet
  4551 | D:4      | Reached skill level 6 in Fire Magic
  4703 | D:4      | Reached * piety under Vehumet
  4703 | D:4      | Offered knowledge of Sandblast by Vehumet.
  4802 | D:4      | Reached skill level 1 in Fighting
  5070 | D:5      | Entered Level 5 of the Dungeon
  5174 | D:5      | Reached XP level 7. HP: 38/38 MP: 13/17
  5321 | D:5      | Identified the ring "Yjeqeiqu" {rC+ rN+ Str+6 Int-2 Dex+7}
  5627 | D:5      | Reached skill level 7 in Fire Magic
  5698 | D:5      | Found Fugaij's Jewellery Emporium.
  5862 | D:6      | Reached XP level 8. HP: 44/44 MP: 13/19
  5939 | D:6      | Noticed Edmund
  5950 | D:6      | Killed Edmund
  5951 | D:6      | Reached skill level 1 in Armour
  6282 | D:6      | Offered knowledge of Static Discharge by Vehumet.
  6373 | D:6      | Reached skill level 5 in Conjurations
  6426 | D:6      | Reached ** piety under Vehumet
  6534 | D:6      | Mangled by an orc wizard

Illustrated notes

Levels and vault maps discovered:
D:1:      heliophobic_arrival_dark_side_of_the_moon, layout_basic,
          serial_forest, infiniplex_forest_zigzag_2,
          infiniplex_forest_straight_2, infiniplex_forest_clump_double,
          infiniplex_forest_clump_small, infiniplex_forest_lined_room_,
          infiniplex_forest_lined_2, nicolae_figureground_sparkle
D:2:      layout_rooms, basic_altar, serial_corexii_hall,
          chequers_hall_statues_corner_a, corexii_hall_statues_deadend,
          corexii_hall_statues_i, uniq_jessica
D:3:      layout_basic, ebering_ecumenical_altar_abandoned,
          kennysheep_generic_room_8, uniq_robin, uniq_crazy_yiuf_cottage
D:4:      layout_loops_cross, minmay_temple_entry_drinking_statues
D:5:      layout_cave_pools, serial_shops, shop, minmay_misc_feat_four_crosses
D:6:      layout_basic, uniq_edmund
Temple:   roderic_octagonal_lattice_temple

Skill      XL: |  1  2  3  4  5  6  7  8 |
---------------+-------------------------+-----
Conjurations   | 2 3 4 5 |  5.1
Fire Magic     | 4 5 6 7 |  7.8
Spellcasting   | 4 5 6 |  6.9
Fighting       | 1 2 |  2.6
Dodging        | 3 |  3.7
Armour         | 1 |  1.6
Stealth        | |  2.4

Action                   |  1- 3 |  4- 6 |  7- 9 || total
-------------------------+-------+-------+-------++-------
Melee: Unarmed           |     1 |       |       ||     1
       Dagger            |       |     7 |       ||     7
       Quarterstaff      |       |     3 |     2 ||     5
 Cast: Foxfire           |    45 |   102 |    82 ||   229
       Scorch            |    11 |    52 |    22 ||    85
       Flame Wave        |       |       |     2 ||     2
Armor: Robe              |     4 |    12 |     1 ||    17
Dodge: Dodged            |    20 |    26 |    18 ||    64
